 Dungeon Crawl Stone Soup version 0.28-a0-1167-g616b1c6417 (webtiles) character file.

Game seed: 5657496187644097531

6311 GordonOverkill the Severer (level 10, 0/93 HPs)
             Began as a Minotaur Cinder Acolyte on Dec 16, 2021.
             Was a High Priest of Ignis.
             Slain by a wraith (9 damage)
             ... on level 9 of the Dungeon.
             The game lasted 00:17:52 (12875 turns).

GordonOverkill the Severer (MiCA)                  Turns: 12875, Time: 00:17:52

Health: 0/93       AC: 16    Str: 23    XL:     10   Next: 64%
Magic:  10/10      EV:  6    Int: 11    God:    Ignis [*****.]
Gold:   443        SH:  0    Dex: 12    Spells: 11/11 levels left

rFire   + . .      SeeInvis .   B - +2 war axe (venom)
rCold   . . .      Faith    .   (no shield)
rNeg    . . .      Spirit   .   m - +0 plate armour
rPois   .          Reflect  .   (helmet restricted)
rElec   .          Harm     .   j - +0 cloak
rCorr   .          Rampage  .   (no gloves)
Will    .....                   p - +0 pair of boots
Stlth   ..........              (no amulet)
HPRegen 0.25/turn               q - +6 ring of dexterity
MPRegen 0.12/turn               w - +4 ring of protection

@: slowed, very slow
A: horns 2, retaliatory headbutt
a: Renounce Religion, Fiery Armour, Foxfire Swarm, Rising Flame


You were on level 9 of the Dungeon.
You worshipped Ignis.
Ignis was extremely pleased with you.
You visited 1 branch of the dungeon, and saw 9 of its levels.

You collected 473 gold pieces.
You spent 30 gold pieces at shops.

Inventory:

Hand Weapons
 a - a +1 broad axe of flaming
 B - a +2 war axe of venom (weapon)
Missiles
 s - 2 boomerangs
 A - 2 curare-tipped darts (quivered)
Armour
 j - a +0 cloak (worn)
 m - a +0 plate armour (worn)
 p - a +0 pair of boots (worn)
Jewellery
 d - a ring of positive energy
 q - a +6 ring of dexterity (left hand)
 t - a ring of fire
 u - a ring of flight
 w - a +4 ring of protection (right hand)
 E - the ring of the Catamount {*Corrode rPois rN+ Int+5 Slay+4}
   (You found it on level 8 of the Dungeon)

   [ring of slaying]

   Int:       It affects your intelligence (+5).
   Slay:      It affects your accuracy & damage with ranged weapons and melee
   (+4).
   rPois:     It protects you from poison.
   rN:        It protects you from negative energy.
   *Corrode:  It may corrode you when you take damage.
Wands
 f - a wand of iceblast (5)
 D - a wand of acid (10)
Scrolls
 g - a scroll of vulnerability
 i - a scroll of holy word
 o - a scroll of blinking
 r - 4 scrolls of magic mapping
 v - a scroll of amnesia
 x - a scroll of silence
 y - a scroll of teleportation
 z - 3 scrolls of summoning {unknown}
 C - a scroll of noise {unknown}
Potions
 b - a potion of cancellation
 c - 4 potions of ambrosia
 e - 3 potions of heal wounds
 h - a potion of lignification
 k - a potion of brilliance
 l - 2 potions of flight
 n - 2 potions of resistance
 G - a potion of mutation {unknown}
Miscellaneous
 F - a box of beasts


   Skills:
 - Level 10.0 Fighting
 + Level 16.4 Axes
 - Level 1.0 Spellcasting
 - Level 2.1 Fire Magic
 + Level 2.9 Evocations


You had 11 spell levels left.
You didn't know any spells.
Your spell library contained the following spells:

 Spells                   Type           Power      Damage    Failure   Level
 Scorch                   Fire           10%        2d5       99%         2
 Apportation              Tloc           0%         N/A       100%        1
 Static Discharge         Conj/Air       0%         N/A       100%        2
 Conjure Flame            Conj/Fire      2%         6-21      100%        3
 Ignite Poison            Fire/Tmut/Pois 2%         N/A       100%        3
 Sticky Flame             Conj/Fire      2%         2d3       100%        4
 Summon Ice Beast         Ice/Summ       0%         N/A       100%        4
 Alistair's Intoxication  Tmut/Pois      0%         N/A       100%        5
 Lightning Bolt           Conj/Air       0%         1d11      100%        5
 Summon Mana Viper        Hex/Summ       0%         N/A       100%        5
 Monstrous Menagerie      Summ           0%         N/A       100%        7
 Maxwell's Capacitive Co  Air            0%         ∞         100%        8


Dungeon Overview and Level Annotations

Branches:
Dungeon (9/15)             Temple (0/1) D:7
   Lair: D:8-11         Orc: D:9-12

Altars:
Elyvilon
Fedhas
Kikubaaqudgha
Ru
Xom

Shops:
D:2 !   D:3 =:?


Innate Abilities, Weirdness & Mutations

You have a pair of horns on your head.
You reflexively headbutt those who attack you in melee.


Message History

* * * LOW HITPOINT WARNING * * *
The wraith drains your vigour!
You feel as though you will be slow longer.
You barely miss the wraith.
The wraith is almost destroyed.
The gnoll sergeant hits you from afar with a +0 trident!
* * * LOW HITPOINT WARNING * * *
The wraith hits you but does no damage.
You slash the gnoll!
The gnoll looks as sick as possible!
You headbutt the gnoll.
The gnoll is almost dead.
You barely miss the wraith.
You kill the gnoll!
The gnoll sergeant hits you from afar with a +0 trident.
* * * LOW HITPOINT WARNING * * *
The wraith barely misses you.
Things that are here:
a +3 scimitar of flaming; a +0 robe; the human corpse of Erica You closely miss the wraith.
The wraith is severely damaged.
The wraith hits you but does no damage.
The gnoll sergeant hits you but does no damage.
You closely miss the wraith.
The wraith is severely damaged.
The wraith hits you but does no damage.
The gnoll sergeant hits you but does no damage.
You closely miss the wraith.
The wraith is severely damaged.
The wraith hits you.
* * * LOW HITPOINT WARNING * * *
The gnoll sergeant hits you from afar with a +0 trident!
* * * LOW HITPOINT WARNING * * *
The wraith hits you!
* * * LOW HITPOINT WARNING * * *
You hit the wraith.
The wraith is almost destroyed.
The gnoll sergeant hits you from afar with a +0 trident!
* * * LOW HITPOINT WARNING * * *
The wraith hits you!
You die...

##...................
##..................
##.................
##................
##.............#
##...........#
##..........#
##....###..## ##..@#
..### ##.W###......
##)g)†......
##.))......
##........ ##.......
#...... #..... #....


You could see a wraith and a gnoll sergeant.

Vanquished Creatures
  A two-headed ogre (D:8)
  Erica (D:9)
  3 centaur zombies
  Maggie (D:7)
  A wyvern (D:8)
  5 yaks
  A steam dragon (D:9)
  Menkaure (D:6)
  2 water moccasins
  A black bear (D:6)
  A sky beast (D:7)
  2 orc warriors
  2 centaurs (D:7)
  An ogre (D:5)
  A kobold brigand (D:6)
  A phantom (D:4)
  4 bullfrogs
  4 scorpions
  A gnoll sergeant (D:5)
  A water moccasin skeleton (D:6)
  5 killer bees (D:8)
  A howler monkey (D:7)
  3 crimson imps (D:3)
  7 hounds
  3 jellies
  7 orc priests
  A centaur skeleton (D:6)
  A gnoll shaman (D:4)
  Crazy Yiuf (D:5)
  A bullfrog skeleton (D:6)
  6 iguanas
  Natasha (thrice) (D:2)
  9 orc wizards
  2 howler monkey skeletons
  14 gnolls
  10 adders
  A shadow imp (D:8)
  2 white imps
  An adder skeleton (D:4)
  A worm (D:2)
  3 dart slugs
  37 orcs
  12 bats
  10 endoplasms
  4 giant cockroaches
  10 goblins
  9 hobgoblins
  14 kobolds
  2 quokkas (D:1)
  5 ball pythons
  6 frilled lizards
  8 rats
234 creatures vanquished.

Vanquished Creatures (others)
  14 foxfires (D:2)
  A plant (D:3)
15 creatures vanquished.

Grand Total: 249 creatures vanquished

Notes
Turn   | Place    | Note
-------+----------+-------------------------------------------
     0 | D:1      | GordonOverkill the Minotaur Cinder Acolyte began the quest
                  | for the Orb.
     0 | D:1      | Reached XP level 1. HP: 19/19 MP: 1/1
   336 | D:1      | Reached skill level 4 in Axes
   336 | D:1      | Reached XP level 2. HP: 27/27 MP: 2/2
  1176 | D:2      | Reached XP level 3. HP: 27/34 MP: 3/3
  2139 | D:2      | Reached skill level 5 in Fighting
  2139 | D:2      | Reached skill level 5 in Axes
  2139 | D:2      | Reached XP level 4. HP: 42/42 MP: 4/4
  3126 | D:2      | Noticed Natasha
  3135 | D:2      | Killed Natasha
  3136 | D:2      | Reached XP level 5. HP: 31/48 MP: 5/5
  3304 | D:2      | Found Agamorev's Distillery.
  3307 | D:2      | Bought a potion of curing for 30 gold pieces
  3448 | D:2      | Noticed Natasha
  3454 | D:2      | Killed Natasha
  3764 | D:2      | Found Agamorev's Distillery.
  3782 | D:2      | Noticed Natasha
  3794 | D:2      | Killed Natasha
  4297 | D:2      | Found Agamorev's Distillery.
  4892 | D:3      | Found Attuakh's Book Boutique.
  4937 | D:3      | Found Sumogyn's Magic Scroll Emporium.
  5096 | D:4      | Reached skill level 6 in Axes
  5274 | D:3      | Reached XP level 6. HP: 44/57 MP: 6/6
  5449 | D:3      | Found Hiager's Jewellery Emporium.
  5903 | D:3      | Found a faded altar of an unknown god.
  5970 | D:3      | Found a shimmering altar of Xom.
  6226 | D:4      | Found a blossoming altar of Fedhas.
  6374 | D:4      | Reached skill level 7 in Axes
  6435 | D:4      | Reached XP level 7. HP: 46/66 MP: 7/7
  7318 | D:5      | Entered Level 5 of the Dungeon
  7744 | D:4      | Reached skill level 8 in Axes
  7902 | D:5      | HP: 1/103 [gnoll (8)]
  8022 | D:5      | Reached XP level 8. HP: 62/75 MP: 8/8
  8290 | D:5      | Reached skill level 9 in Axes
  8595 | D:5      | Found a runed translucent door.
  8596 | D:5      | Noticed Crazy Yiuf
  8654 | D:5      | Killed Crazy Yiuf
  8705 | D:6      | Identified a scroll of acquirement
  8708 | D:6      | Acquired a +1 broad axe of flaming
  8952 | D:6      | Reached skill level 10 in Fighting
  8952 | D:6      | Reached skill level 10 in Axes
  9137 | D:6      | Identified the +0 scale mail "Qefapp" {Int+3}
  9170 | D:6      | Noticed Menkaure
  9173 | D:6      | Killed Menkaure
  9174 | D:6      | Reached skill level 11 in Axes
  9174 | D:6      | Reached XP level 9. HP: 45/85 MP: 9/9
  9878 | D:7      | Reached skill level 12 in Axes
 10578 | D:7      | Reached skill level 13 in Axes
 10693 | D:7      | Found a staircase to the Ecumenical Temple.
 10717 | D:7      | Noticed Maggie
 10727 | D:7      | Killed Maggie
 10936 | D:8      | Reached skill level 14 in Axes
 11434 | D:8      | Reached XP level 10. HP: 71/93 MP: 10/10
 11548 | D:8      | Noticed a two-headed ogre
 11565 | D:8      | Killed a two-headed ogre
 11566 | D:8      | Reached skill level 15 in Axes
 12247 | D:8      | Identified the ring of the Catamount {*Corrode rPois rN+
                  | Int+5 Slay+4}
 12294 | D:8      | Found a sacrificial altar of Ru.
 12295 | D:8      | Found a white marble altar of Elyvilon.
 12296 | D:8      | Found an ancient bone altar of Kikubaaqudgha.
 12646 | D:9      | Reached skill level 16 in Axes
 12834 | D:9      | Noticed Erica
 12846 | D:9      | Killed Erica
 12875 | D:9      | Slain by a wraith

Illustrated notes

Levels and vault maps discovered:
D:1:      saegor_arrival_simple_e, layout_rooms, minivault_23,
          serial_park_tiny_1
D:2:      layout_basic, serial_shops, nicolae_shop_behind_doors,
          minmay_close_crescents, uniq_natasha
D:3:      corexii_shack_village, layout_rooms, led_xom_imps,
          shapermc_ecumenical_altar_flowoftime, serial_shops, shop,
          nicolae_square_shop, nicolae_shop_hallway_stairs,
          minmay_misc_feat_chi, minmay_fractal_squares_5
D:4:      layout_basic, mainiacjoe_overflow_small_starburst,
          kennysheep_small_square
D:5:      layout_rooms, lemuel_old_faithful, uniq_crazy_yiuf_cottage
D:6:      layout_basic, mrwooster_statue_mirror, uniq_menkaure
D:7:      layout_basic, minmay_temple_entry_junction_2, uniq_maggie
D:8:      layout_basic, gammafunk_temple_overflow_forgotten, dk_noncrumbling_3,
          chequers_serial_rivers_micro_d
D:9:      layout_big_octagon, uniq_erica, uniq_pikel

Skill      XL: |  1  2  3  4  5  6  7  8  9 10 |
---------------+-------------------------------+-----
Fighting       | 4 5 6 7 8 10 | 10.0
Axes           | 4 5 6 7 8 11 14 16 | 16.4
Evocations     | 2 |  2.9
Spellcasting   | |  1.0
Fire Magic     | |  2.1

Action                   |  1- 3 |  4- 6 |  7- 9 | 10-12 || total
-------------------------+-------+-------+-------+-------++-------
Melee: Hand axe          |    81 |       |       |       ||    81
       Headbutt          |     9 |    31 |    69 |    18 ||   127
       Dagger            |     8 |   234 |    96 |       ||   338
       Spear             |       |       |    38 |       ||    38
       Broad axe         |       |       |    76 |       ||    76
       War axe           |       |       |    59 |    96 ||   155
Throw: Boomerang         |       |       |     7 |       ||     7
       Dart              |       |       |       |     1 ||     1
Invok: Foxfire Swarm     |     1 |       |       |       ||     1
Evoke: Wand              |       |       |       |     3 ||     3
  Use: Potion            |       |       |     6 |       ||     6
       Scroll            |       |       |     9 |     4 ||    13
Armor: Robe              |    18 |    15 |       |       ||    33
       Chain mail        |       |    21 |       |       ||    21
       Plate armour      |       |    84 |   182 |    70 ||   336
       Skin              |       |       |     7 |       ||     7
Dodge: Dodged            |    61 |    86 |    70 |    29 ||   246

Table legend: (Time is in decaauts)
 A = Elapsed time spent in this place.
 B = Non-inter-level travel time spent in this place.
 C = Inter-level travel time spent in this place.
 D = Time resting spent in this place.
 E = Time spent auto-exploring this place.
 F = Levels seen in this place.
 G = Mean time per level.
                   A        B        C        D        E       F      G
               +--------+--------+--------+--------+--------+-----+--------+
         Total |  12854 |  12499 |    355 |   4776 |   5793 |   9 | 1428.2 |
       Dungeon |  12854 |  12499 |    355 |   4776 |   5793 |   9 | 1428.2 |
               +--------+--------+--------+--------+--------+-----+--------+

Top non-repeatable levels by time:
     D:2: 3358 daAuts
     D:4: 1953 daAuts
     D:1: 1537 daAuts
     D:7: 1496 daAuts
     D:8: 1253 daAuts
     D:6: 1170 daAuts
     D:3: 1132 daAuts
     D:5: 724 daAuts
     D:9: 228 daAuts
